 Dungeon Crawl Stone Soup version 0.16.1-11-g651b585 (webtiles) character file.

19560 nubinia the Markself (level 12, 65/81 HPs)
             Began as a High Elf Hunter on Apr 6, 2015.
             Was an Elder of Zin.
             Quit the game on level 4 of the Lair of Beasts on Apr 7, 2015.
             The game lasted 01:46:48 (20382 turns).

nubinia the Markself (High Elf Hunter)             Turns: 20382, Time: 01:46:49

Health: 65/81      AC: 12    Str: 11    XL:     12   Next: 37%
Magic:  27/29      EV: 19    Int: 18    God:    Zin [****..]
Gold:   567        SH:  0    Dex: 19    Spells: 6 memorised, 11 levels left

rFire  . . .     SeeInvis .     a - +2 dagger (elec)
rCold  . . .     Clarity  .     d - +0 leather armour
rNeg   . . .     SustAb   .     (no shield)
rPois  .         Gourm    .     I - +2 hat
rElec  .         Spirit   .     y - +2 cloak
rCorr  .         Warding  .     m - +1 pair of gloves
rMut   .         Stasis   .     q - +0 pair of boots
MR     +....                    x - amulet of regeneration
Stlth  +++.......               C - ring of wizardry
                                (no ring)

@: infused (expiring), somewhat resistant to hostile enchantments, fairly
stealthy
A: no striking features
a: Recite, Vitalisation, Imprison, Renounce Religion


You were on level 4 of the Lair of Beasts.
You worshipped Zin.
Zin was greatly pleased with you.
You were not hungry.

You visited 3 branches of the dungeon, and saw 14 of its levels.

You collected 629 gold pieces.
You donated 62 gold pieces to Zin.

Inventory:

Hand weapons
 a - a +2 dagger of electrocution (weapon)
 b - a +2 shortbow
 e - a +0 shortbow of evasion
 B - a +0 blowgun
 H - a +1 falchion of freezing
 M - a +0 short sword
 P - a +1 short sword of speed
 Q - a +3 short sword
Missiles
 c - 122 arrows
 n - 4 curare-tipped needles
 R - 29 arrows of flame
 V - 28 poisoned arrows
Armour
 d - a +0 leather armour (worn)
 j - a +2 cloak
 k - a -1 leather armour
 m - a +1 pair of gloves (worn)
 q - a +0 pair of boots (worn)
 y - a +2 cloak (worn)
 I - a +2 hat (worn)
Jewellery
 i - an uncursed amulet of guardian spirit
 x - an amulet of regeneration (around neck)
 C - a ring of wizardry (right hand)
Magical devices
 A - a wand of lightning (0)
 E - a wand of digging (6)
 G - a wand of frost (4)
Scrolls
 l - a scroll of noise
 s - 3 scrolls of recharging
 t - a scroll of magic mapping
 v - 5 scrolls of remove curse
 F - 5 scrolls of enchant armour
 J - 3 scrolls of amnesia
 K - 10 scrolls of identify
 O - a scroll of blinking
Potions
 o - 2 potions of flight
 p - a potion of agility
 r - 2 potions of haste
 u - 6 potions of curing
 w - a potion of poison
 z - 4 potions of restore abilities
 D - 2 potions of heal wounds
 N - a potion of resistance
 W - a potion of brilliance
Books
 L - a book of Geomancy

   Spells                             Type                      Level
   a - Sandblast                      Earth                        1
   b - Stoneskin                      Transmutation/Earth          2
   c - Passwall                       Transmutation/Earth          3
   d - Stone Arrow                    Conjuration/Earth            3
   e - Petrify                        Transmutation/Earth          4
   f - Lee's Rapid Deconstruction     Earth                        5
 Y - a book of Dreams

   Spells                             Type                      Level
   a - Ensorcelled Hibernation        Hexes/Ice                    2
   b - Flight                         Charms/Air                   3
   c - Phase Shift                    Translocation                5
   d - Shadow Creatures               Summoning                    5
   e - Mass Confusion                 Hexes                        6
   f - Darkness                       Hexes                        7
Comestibles
 f - 11 bread rations
 g - 7 meat rations
 h - a fruit
 S - a slice of pizza
 T - 2 beef jerkies
 U - a royal jelly
 X - 4 chunks of flesh


   Skills:
 + Level 7.0 Fighting
 + Level 7.3 Short Blades
 + Level 15.5 Bows
 + Level 3.1 Throwing
 + Level 4.9 Armour
 + Level 9.6 Dodging
 + Level 5.1 Stealth
 + Level 6.4 Spellcasting
 + Level 4.8 Charms
 + Level 4.4 Translocations
 + Level 4.2 Invocations
 + Level 0.9 Evocations


You had 11 spell levels left.
You knew the following spells:

 Your Spells              Type           Power        Failure   Level  Hunger
a - Infusion              Chrm           ###...       1%          1    None
b - Apportation           Tloc           ###.......   1%          1    None
c - Portal Projectile     Tloc           ###...       4%          3    ##.....
d - Blink                 Tloc           N/A          1%          2    None
e - Teleport Other        Tloc           ###.....     4%          3    ##.....
g - Shroud of Golubria    Chrm/Tloc      ###.......   1%          2    None


Dungeon Overview and Level Annotations

Branches:
Dungeon (9/15)             Temple (1/1) D:7            Lair (4/8) D:9
 Shoals (0/5) Lair:3
  Snake: Lair:3-6    Spider: Lair:3-6       Orc: D:9-12

Altars:
Ashenzari
Cheibriados
Dithmenos
Elyvilon
Fedhas
Gozag
Kikubaaqudgha
Makhleb
Nemelex Xobeh
Okawaru
Qazlal
Ru
Sif Muna
Trog
Vehumet
Xom
Yredelemnul
Zin
The Shining One

Annotations:
Lair:2 BLOAX's ghost, experienced MiTm; karlm's ghost, powerful NaWz


Message History

The elephant tramples you!
You stumble backwards!
You hit the elephant but do no damage.
The elephant is severely wounded.
The elephant tramples you but does no damage.
The elephant barely misses you.
You hit the elephant but do no damage.
There is a sudden explosion of sparks!
The elephant is almost dead.
You hit the elephant but do no damage.
The elephant is almost dead.
The elephant closely misses you.
The elephant trunk-slaps you but does no damage.
You completely miss the elephant.
The elephant is almost dead.
You hit the elephant but do no damage.
There is a sudden explosion of sparks!
You kill the elephant!
Your Fighting skill increases to level 7!
Welcome back, nubinia the High Elf Hunter.
Zin says: Spread the light, my child.
Press ? for a list of commands and other information.
Are you sure you want to abandon this character and quit the game? (Confirm with "yes".)

### ... ### #.# ... ...
... .## #.. #.. #.# ##Y#
#.# #..# #.#####..#
####.##P.##.##.P#.# #
..###.#.P...@†............
.
...........######P..(.##.
# ....#####..## ..!###.#
#.# ##..# #..P# # # #.#
##..# ##.## # #.# #..## ..
######.######..### .##
#.##.P>#.#..##...#.###.#
.......................


There were no monsters in sight!

Vanquished Creatures
  Gastronok (Lair:2)
  A hydra (Lair:1)
  A griffon (Lair:3)
  An elephant (Lair:4)
  6 spiny frogs
  3 black mambas
  3 komodo dragons (Lair:3)
  2 trolls (D:9)
  4 blink frogs
  2 basilisks (D:9)
  A spriggan (D:7)
  A wyvern (D:8)
  6 hippogriffs
  17 yaks
  13 wolves
  3 water moccasins
  Menkaure (D:7)
  2 ice beasts
  2 sky beasts
  8 porcupines
  3 phantoms
  8 centaurs
  An orc warrior (D:7)
  13 crocodiles
  8 ogres
  A big kobold (D:8)
  3 giant frogs
  6 scorpions
  3 wights (D:6)
  2 electric eels (D:7)
  4 hounds
  3 orc priests
  6 crimson imps
  10 orc wizards
  3 jellies
  8 iguanas
  6 worker ants
  5 sheep (Lair:2)
  3 hound zombies
  A hound skeleton (D:9)
  2 worker ant zombies
  4 gnolls (D:3)
  12 adders
  27 river rats
  2 shadow imps
  A giant mite (D:5)
  6 worms
  An adder zombie (D:8)
  12 giant geckos
  18 orcs
  4 giant cockroaches
  18 goblins
  18 hobgoblins
  7 jackals
  A ball python skeleton (D:4)
  18 bats
  9 giant newts
  18 kobolds
  9 quokkas
  15 rats
  2 plants (D:7)
379 creatures vanquished.

Vanquished Creatures (others)
  A fungus (Lair:1)
  2 plants (D:9)
3 creatures vanquished.

Grand Total: 382 creatures vanquished

Notes
Turn   | Place    | Note
--------------------------------------------------------------
     0 | D:1      | nubinia, the High Elf Hunter, began the quest for the Orb.
     0 | D:1      | Reached XP level 1. HP: 14/14 MP: 2/2
   202 | D:1      | Reached XP level 2. HP: 14/19 MP: 3/3
   900 | D:1      | Reached skill level 6 in Bows
  1276 | D:2      | Reached XP level 3. HP: 24/24 MP: 5/5
  1488 | D:2      | Reached skill level 1 in Armour
  1592 | D:2      | Reached skill level 5 in Short Blades
  1592 | D:2      | Reached skill level 8 in Bows
  1592 | D:2      | Reached skill level 5 in Dodging
  1592 | D:2      | Reached XP level 4. HP: 30/34 MP: 6/14
  2375 | D:3      | Noticed a giant frog
  2481 | D:3      | Killed a giant frog
  2481 | D:3      | Reached XP level 5. HP: 38/38 MP: 16/16
  3100 | D:3      | Reached XP level 6. HP: 45/45 MP: 18/18
  3553 | D:3      | You fall through a shaft for 2 floors!
  3553 | D:5      | Entered Level 5 of the Dungeon
  4089 | D:3      | Noticed a sky beast
  4109 | D:3      | Killed a sky beast
  4109 | D:3      | Reached skill level 9 in Bows
  4109 | D:3      | Reached XP level 7. HP: 44/49 MP: 20/20
  4494 | D:4      | Reached skill level 5 in Fighting
  4515 | D:4      | Gained mutation: Your flesh is heat resistant. [potion of beneficial mutation]
  5113 | D:5      | Found a snail-covered altar of Cheibriados.
  5867 | D:5      | Reached XP level 8. HP: 52/55 MP: 19/21
  6224 | D:5      | Reached skill level 10 in Bows
  7087 | D:6      | Reached skill level 11 in Bows
  7411 | D:6      | Identified A Beginning Course on Theurgy
  7414 | D:6      | Learned a level 1 spell: Infusion
  7500 | D:6      | Reached XP level 9. HP: 50/61 MP: 19/23
  7703 | D:6      | Reached skill level 1 in Charms
  8564 | D:7      | Noticed Menkaure
  8570 | D:7      | Killed Menkaure
  8572 | D:7      | Found a staircase to the Ecumenical Temple.
  8643 | Temple   | Entered the Ecumenical Temple
  8721 | Temple   | Became a worshipper of Zin the Law-Giver
  8721 | Temple   | Acquired Zin's first power
  8903 | D:7      | Reached skill level 12 in Bows
 10102 | D:8      | Found a blossoming altar of Fedhas.
 10460 | D:8      | Learned a level 1 spell: Apportation
 10464 | D:8      | Learned a level 3 spell: Portal Projectile
 10715 | D:8      | Found a shattered altar of Ashenzari.
 10776 | D:8      | Lost mutation: Your flesh is heat resistant. [potion of cure mutation]
 10867 | D:8      | Reached XP level 10. HP: 63/66 MP: 23/25
 11077 | D:8      | Reached skill level 13 in Bows
 11391 | D:9      | Acquired Zin's second power
 11801 | D:9      | Reached skill level 1 in Translocations
 11913 | D:9      | Found a staircase to the Lair.
 12066 | D:9      | Reached skill level 1 in Invocations
 12161 | D:9      | Reached skill level 1 in Throwing
 12581 | D:9      | Learned a level 2 spell: Shroud of Golubria
 13219 | D:9      | Found a shadowy altar of Dithmenos.
 13219 | D:9      | Found an iron altar of Okawaru.
 13220 | D:9      | Found a stormy altar of Qazlal.
 13221 | D:9      | Found an opulent altar of Gozag.
 13222 | D:9      | Found a shattered altar of Ashenzari.
 13223 | D:9      | Found a sacrificial altar of Ru.
 13748 | Lair:1   | Entered Level 1 of the Lair of Beasts
 13842 | Lair:1   | Noticed a black mamba
 14091 | Lair:1   | Reached XP level 11. HP: 72/72 MP: 21/25
 14141 | Lair:1   | Reached skill level 5 in Spellcasting
 14164 | Lair:2   | Noticed BLOAX's ghost (experienced MiTm)
 14844 | Lair:1   | Killed a black mamba
 15495 | Lair:1   | Learned a level 2 spell: Blink
 15644 | Lair:1   | Reached skill level 14 in Bows
 15787 | Lair:1   | Noticed a five-headed hydra
 15835 | Lair:1   | Killed a five-headed hydra
 15992 | Lair:1   | Learned a level 3 spell: Teleport Other
 17282 | Lair:2   | Noticed karlm's ghost (powerful NaWz)
 17328 | Lair:2   | Noticed Gastronok
 17750 | Lair:2   | Killed Gastronok
 18021 | Lair:2   | Reached skill level 15 in Bows
 18786 | Lair:3   | Reached XP level 12. HP: 57/80 MP: 28/28
 18945 | Lair:3   | Acquired Zin's third power
 19169 | Lair:3   | Found a staircase to the Shoals.
 20047 | Lair:4   | Reached skill level 5 in Stealth
 20382 | Lair:4   | Quit the game

Action                   |  1- 3 |  4- 6 |  7- 9 | 10-12 || total
-------------------------+-------+-------+-------+-------++-------
Melee: Short sword       |    87 |   242 |   379 |       ||   708
       Dagger            |       |       |    22 |   619 ||   641
 Fire: Shortbow          |     3 |   136 |   431 |   381 ||   951
       Blowgun           |       |       |     3 |    57 ||    60
 Cast: Infusion          |       |       |    11 |    26 ||    37
       Shroud of Golubri |       |       |       |    32 ||    32
       Portal Projectile |       |       |       |    16 ||    16
       Blink             |       |       |       |    16 ||    16
       Apportation       |       |       |       |     9 ||     9
Invok: Recite            |       |       |     2 |     1 ||     3
Evoke: Wand              |       |       |     3 |     2 ||     5
  Use: Scroll            |     2 |    12 |    11 |     3 ||    28
       Potion            |     1 |       |     4 |     6 ||    11
 Stab: Sleeping          |     3 |     1 |     4 |    12 ||    20
       Distracted        |       |       |       |     6 ||     6
       Invisible         |       |       |       |     1 ||     1
  Eat: Chunk             |     2 |     8 |    21 |    29 ||    60
       Fruit             |       |       |       |     2 ||     2
       Beef jerky        |       |       |       |     2 ||     2
